 Dungeon Crawl Stone Soup version 0.28-a0-751-gef3a642a4e (webtiles) character file.

Game seed: 12455596771017458988

546417 demibob the Conqueror (level 26, -2/471 HPs)
             Began as an Ogre Berserker on Oct 28, 2021.
             Was the Champion of Trog.
             Killed from afar by an electric golem (36 damage)
             ... with a bolt of lightning
             ... on level 4 of the Realm of Zot on Oct 30, 2021.
             The game lasted 03:53:21 (72018 turns).

demibob the Conqueror (Ogre Berserker)             Turns: 72018, Time: 03:53:22

Health: -2/471     AC: 33    Str: 26    XL:     26   Next: 16%
Magic:  23/23      EV: 13    Int: 15    God:    Trog [******]
Gold:   7308       SH:  5    Dex: 22    Spells: 25/25 levels left

rFire   + . .      SeeInvis .   b - +9 giant spiked club (freeze)
rCold   + + +      Faith    .   (shield currently unavailable)
rNeg    . . .      Spirit   .   Y - +7 gold dragon scales
rPois   +          Reflect  +   (helmet restricted)
rElec   .          Harm     .   V - +0 cloak of Lethargy {+Inv rC+++ Regen+ rCorr}
rCorr   +          Rampage  .   (gloves unavailable)
Will    ++++.                   (boots unavailable)
Stlth   ..........              l - amulet of Gakej {Reflect Int+3 SH+5}
HPRegen 1.88/turn               L - ring of Qazlal's Benevolence {Will++ rCorr}
MPRegen 0.18/turn               C - ring of Tikhle Xuuz {Fly rCorr Str-2 Int+4 Dex+6}

@: berserking, flying, studying 2 skills, very quick
A: large, unfitting armour, tough skin 1
}: 3/15 runes: serpentine, barnacled, silver
a: Renounce Religion, Evoke Invisibility, Berserk, Trog's Hand, Brothers in Arms


You were on level 4 of the Realm of Zot.
You worshipped Trog.
Trog was exalted by your worship.
You visited 9 branches of the dungeon, and saw 47 of its levels.
You visited the Abyss 1 time.
You also visited: Sewer, Bailey, Ice Cave and Wizlab.

You collected 7776 gold pieces.
You spent 468 gold pieces at shops.


Innate Abilities, Weirdness & Mutations

You are too large for most types of armour.
You have tough skin. (AC +1)


   Skills:
 O Level 27 Fighting
 + Level 25.5 Maces & Flails
 - Level 11.8 Throwing
 + Level 20.5 Armour
 - Level 15.8 Dodging
 - Level 12.8 Evocations


You had 25 spell levels left.
You didn't know any spells.
Your spell library was empty.

Inventory:

Hand Weapons
 a - the +8 whip "Snakebite" {venom, curare, rPois, =f}
   (You found it on level 4 of the Lair of Beasts)

   It poisons the flesh of those it strikes.
   It occasionally inflicts asphyxiating poison on those it strikes, dealing
   poison damage and causing slowness.
   rPois:     It protects you from poison.
 b - a +9 giant spiked club of freezing (weapon)
 F - the +4 giant club of Meucsey {vorpal, rF+++ rN+ Int-4 SInv}
   (Trog gifted it to you on level 1 of the Realm of Zot)

   It inflicts extra damage upon your enemies.
   Int:       It affects your intelligence (-4).
   rF:        It renders you almost immune to fire.
   rN:        It protects you from negative energy.
   SInv:      It lets you see invisible.
 N - a +4 antimagic giant spiked club
Missiles
 v - 12 throwing nets {=f}
 O - 109 large rocks (quivered) {=f}
 Q - 21 atropa-tipped darts
Armour
 G - a scarf of resistance
 V - the +0 cloak of Lethargy (worn) {+Inv rC+++ Regen+ rCorr}
   (You found it on level 5 of the Lair of Beasts)

   rC:        It renders you almost immune to cold.
   +Inv:      It lets you turn invisible.
   Regen:     It increases your rate of health regeneration.
   rCorr:     It protects you from acid and corrosion.
 Y - +7 gold dragon scales (worn)
Jewellery
 l - the amulet of Gakej (around neck) {Reflect Int+3 SH+5}
   (You found it on level 3 of the Elven Halls)

   [amulet of reflection]

   It reflects blocked missile attacks.
   Int:       It affects your intelligence (+3).
   SH:        It affects your SH (+5).
 C - the ring of Tikhle Xuuz (right hand) {Fly rCorr Str-2 Int+4 Dex+6}
   (You found it on level 13 of the Dungeon)

   [ring of dexterity]

   Str:       It affects your strength (-2).
   Int:       It affects your intelligence (+4).
   Dex:       It affects your dexterity (+6).
   Fly:       It grants you flight.
   rCorr:     It protects you from acid and corrosion.
 E - a +4 ring of evasion
 L - the ring of Qazlal's Benevolence (left hand) {Will++ rCorr}
   (You found it on level 3 of the Elven Halls)

   [ring of resist corrosion]

   rCorr:     It protects you from acid and corrosion.
   Will:      It greatly increases your willpower.
 T - a +4 ring of protection
 W - the ring "Awkof" {rN+ MP+9 Str+3 Dex+6}
   (You found it on level 3 of the Shoals)

   [ring of dexterity]

   Str:       It affects your strength (+3).
   Dex:       It affects your dexterity (+6).
   rN:        It protects you from negative energy.
   MP:        It affects your magic capacity (+9).
 Z - the ring "Jyturph" {rPois rN+++ Will- Int+3 Slay+4}
   (You found it on level 4 of the Shoals)

   [ring of slaying]

   Int:       It affects your intelligence (+3).
   Slay:      It affects your accuracy & damage with ranged weapons and melee
   (+4).
   rPois:     It protects you from poison.
   rN:        It renders you almost immune to negative energy.
   Will:      It decreases your willpower.
Wands
 n - a wand of paralysis (30)
 p - a wand of flame (111)
 r - a wand of iceblast (51)
 t - a wand of acid (5)
 u - a wand of polymorph (41)
 A - a wand of mindburst (33)
 I - a wand of charming (10)
Scrolls
 d - 2 scrolls of holy word
 e - 4 scrolls of fog
 g - 2 scrolls of silence {!r}
 j - 24 scrolls of identify {@r1}
 k - a scroll of summoning
 m - 5 scrolls of brand weapon
 q - 13 scrolls of teleportation {@r2}
 S - a scroll of magic mapping
Potions
 f - 8 potions of flight
 h - 7 potions of attraction
 i - 5 potions of ambrosia
 o - 4 potions of mutation
 s - 6 potions of might
 w - 9 potions of curing {@q1}
 x - 3 potions of heal wounds {@q2}
 z - 3 potions of haste {@q3}
 D - 5 potions of invisibility
 K - 2 potions of resistance
 U - 4 potions of berserk rage {!q}
Miscellaneous
 c - a lightning rod (4/4)
 y - a phial of floods
 B - a piece from Xom's chessboard (15/15)
 H - a phantom mirror
 J - a condenser vane (inert)
 X - a box of beasts

Dungeon Overview and Level Annotations

Branches:
Dungeon (15/15)            Temple (0/1) D:4            Lair (6/6) D:11
 Shoals (4/4) Lair:2        Snake (4/4) Lair:3        Slime (0/5) Lair:5
    Orc (2/2) D:9             Elf (3/3) Orc:2        Vaults (5/5) D:13
  Crypt (0/3) Vaults:3     Depths (4/4) D:15            Zot (4/5) Depths:4
  Sewer (visited)          Bailey (visited)           IceCv (visited)
 WizLab (visited)

Altars:
Ashenzari
Elyvilon
Fedhas
Kikubaaqudgha
Okawaru
Qazlal
Ru
Sif Muna
Uskayaw
Vehumet
Zin
Beogh

Shops:
D:9 [   Orc:2 *[*(   Elf:1 [   Snake:2 ***(   Snake:4 =::[   Vaults:3 (

Portals:
Hell: Depths:1 Depths:2 Depths:3 Depths:4
Abyss: Depths:1 Depths:3
Pandemonium: Depths:2
Ziggurat: Depths:2
Trove: D:10 (give horn of Geryon)

Annotations:
D:2 1 runed translucent door, Crazy Yiuf
D:15 exclusion: 2 obsidian statues
Lair:3 exclusion: oklob plant
Lair:6 exclusion: obsidian statue
Elf:2 3 runed translucent doors
Vaults:1 2 transporters, royokou's ghost, veteran MiFi

....... ...^!.. ######
....... ########.....
....... #............
....... ###.######.....
....... #.).# #.....
⌠......###.########.....
......9@).[.........>###
####..##)#.#........####
#. #^#.+............ #
#.###........#### #.#
########## #.# # #.# #
#.. # .########


You could see an electric golem.


Message History

* * * LOW HITPOINT WARNING * * *
You pound the golden dragon like an anvil!!!
You freeze the golden dragon.
The golden dragon is almost dead.
You barely miss the golden dragon.
The golden dragon is almost dead.
The electric golem hurls lightning at you.
The bolt of lightning hits the golden dragon!
The golden dragon resists.
The golden dragon dies!
The gold dragon scales are intact enough to wear.
The bolt of lightning misses you.
The electric golem hits you but does no damage.
You block the electric golem's attack. The electric golem hits you.
* * * LOW HITPOINT WARNING * * *
The electric golem hits you but does no damage.
Items here: ) [ ††.
You sock the electric golem! You freeze the electric golem.
The electric golem is almost destroyed.
The electric golem hits you!
* * * LOW HITPOINT WARNING * * *
The electric golem shocks you!!
* * * LOW HITPOINT WARNING * * *
The electric golem barely misses you. You block the electric golem's attack.
The electric golem closely misses you.
You completely miss the electric golem.
The electric golem is almost destroyed.
The electric golem hurls lightning at you.
The bolt of lightning hits you!!!
You die...

Skill      XL: |  1  2  3  4  5  6  7  8  9 10 11 12 13 14 15 16 17 18 19 20 21 22 23 24 25 |
---------------+----------------------------------------------------------------------------+-----
Maces & Flails | 3 4 5 6 7 8 10 12 15 17 18 19 20 21 22 23 25 | 25.5
Dodging        | 4 5 7 9 12 14 15 | 15.8
Fighting       | 6 10 15 18 19 21 22 24 25 27 | 27.0
Throwing       | 4 7 10 11 | 11.8
Evocations     | 1 5 6 12 | 12.8
Armour         | 4 6 8 10 14 17 19 20 | 20.5

Action                   |  1- 3 |  4- 6 |  7- 9 | 10-12 | 13-15 | 16-18 | 19-21 | 22-24 | 25-27 || total
-------------------------+-------+-------+-------+-------+-------+-------+-------+-------+-------++-------
Melee: Mace              |    85 |       |       |       |       |       |       |       |       ||    85
       Flail             |       |   112 |   357 |       |       |       |       |       |       ||   469
       Morningstar       |       |       |     8 |   426 |       |       |       |       |       ||   434
       Giant spiked club |       |       |     3 |   228 |   951 |   733 |  1085 |  1332 |   589 ||  4921
       Unarmed           |       |       |       |     1 |       |       |       |       |       ||     1
       Whip              |       |       |       |       |    58 |   117 |       |       |       ||   175
Throw: Dart              |       |    18 |   165 |    36 |    89 |       |       |       |       ||   308
       Large rock        |       |       |       |    13 |    11 |   122 |    74 |    68 |     8 ||   296
       Throwing net      |       |       |       |     1 |     2 |       |       |       |       ||     3
Invok: Berserk           |     1 |     2 |     7 |    13 |     2 |     5 |     4 |     3 |     3 ||    40
       Brothers in Arms  |       |       |       |     3 |     5 |     8 |     5 |     5 |     1 ||    27
       Trog's Hand       |       |       |       |       |     5 |    10 |     6 |    12 |       ||    33
Evoke: Wand              |       |       |     1 |    19 |    12 |     2 |     6 |    10 |       ||    50
       Condenser vane    |       |       |       |       |     2 |     4 |     5 |    10 |     4 ||    25
       Box of beasts     |       |       |       |       |     2 |     1 |       |     1 |       ||     4
       Phantom mirror    |       |       |       |       |     1 |     1 |       |     1 |       ||     3
       Phial of floods   |       |       |       |       |     1 |       |       |     3 |     1 ||     5
  Use: Scroll            |     1 |     1 |     9 |    16 |     8 |    21 |     8 |    19 |     5 ||    88
       Potion            |       |       |     2 |    10 |     8 |     9 |     2 |     9 |       ||    40
 Stab: Paralysed         |       |       |     6 |    11 |     2 |       |       |       |       ||    19
       Sleeping          |       |       |       |     1 |       |     3 |       |       |       ||     4
       Distracted        |       |       |       |     1 |       |     2 |     2 |     1 |     1 ||     7
       Invisible         |       |       |       |       |     7 |       |     3 |       |       ||    10
       Confused          |       |       |       |       |       |     5 |       |       |       ||     5
Armor: Animal skin       |    37 |    23 |    15 |    19 |   271 |    45 |       |       |       ||   410
       Robe              |       |       |    95 |    17 |       |       |       |       |       ||   112
       Steam dragon scal |       |       |       |   236 |       |       |       |       |       ||   236
       Swamp dragon scal |       |       |       |       |       |   217 |   323 |    51 |       ||   591
       Gold dragon scale |       |       |       |       |       |       |       |   581 |   314 ||   895
Dodge: Dodged            |    39 |    77 |   142 |   269 |   582 |   446 |   722 |   449 |   205 ||  2931
Block: Other             |       |       |       |       |       |     3 |       |    89 |    92 ||   184
       Reflection        |       |       |       |       |       |     1 |       |     1 |     1 ||     3

Levels and vault maps discovered:
D:1:      minmay_arrival_three_doors, layout_rooms, dk_noncrumbling_2
D:2:      layout_basic, uniq_terence, uniq_crazy_yiuf_cottage, uniq_jessica
D:3:      layout_basic
D:4:      layout_layer_cave, lemuel_zombie_altar_kikubaaqudgha, temple_pool_b,
          uniq_pikel, uniq_sigmund, uniq_eustachio
D:5:      layout_basic, mainiacjoe_overflow_alcove_4, uniq_ijyb
D:6:      layout_basic, portal_sewer_entry_a, uniq_maggie, uniq_grinder,
          uniq_blork_the_orc
D:7:      layout_cave_pools, serial_bayou_lake_a
D:8:      layout_basic, minitemple, mainiacjoe_overflow_catwalk,
          nrook_loot_triangle, uniq_grum, uniq_gastronok
D:9:      wander_kiku_kobolds, layout_rooms, lemuel_round_altar, orc_0_dummy,
          serial_shops, shop, uniq_psyche, uniq_harold
D:10:     layout_loops_corners, enter_trove_0, hex_tiny,
          chequers_serial_rivers_small_b, bh_hangedman_babel_library
D:11:     layout_loops_ring, erik_lair_orcish_takeover, ashenzari_altar_1
D:12:     wad_guarded_room, layout_stronghold,
          portal_ice_cave_entry_animals_and_master
D:13:     layout_loops_cross, ximxim_vaults_locker_room,
          nicolae_ru_path_of_blood
D:14:     layout_stronghold, kennysheep_small_spiral,
          hangedman_cracks_in_the_wall, uniq_snorg
D:15:     gammafunk_depths_entry_grave, layout_small_grid,
          roderic_roman_lattice, minmay_misc_feat_room, serial_park_tiny_2,
          david_greed
Lair:1:   layout_cave_pods, hellmonk_guarded_unrand_zhor, lemuel_fruit_fields
Lair:2:   layout_misc_corridors, minmay_shoals_entry_lonely_mermaid,
          serial_bayou_pond_b
Lair:3:   layout_cave_pods, minmay_snake_entry_six_corridors,
          chequers_serial_rivers_micro_a
Lair:4:   minmay_guarded_unrand_snakebite, layout_regular_city,
          gammafunk_ghost_icy, minmay_lair_oklob_bushes
Lair:5:   layout_gridlike, nicolae_slime_entry_slimehenge
Lair:6:   due_jungle_book, layout_regular_city, bh_autumn_forest_stairs
Shoals:1: layout_shoals, uniq_frances, uniq_donald, uniq_mlioglotl
Shoals:2: layout_shoals, uniq_aizul
Shoals:3: layout_shoals, nicolae_shoals_lost_giant_temple
Shoals:4: shoals_end_grunt_ice, layout_shoals, abandoned_shop
Snake:1:  layout_gridlike, nicolae_snake_gridmaze_swirls,
          nicolae_snake_boneroom, grunt_megastairs_1
Snake:2:  layout_cave_town, nicolae_shop_sticking_my_neck_out, minmay_shop_star
Snake:3:  layout_honeycomb
Snake:4:  snake_pit, layout_cave_town, serial_shops, nicolae_shop_crystal,
          minmay_shop_grove, uniq_louise
Orc:1:    layout_caves, enter_bailey_7, basic_altar, uniq_maurice
Orc:2:    st_orc_open, layout_caves, uniq_urug
Elf:1:    elf_arrival_001, layout_onion_city, serial_shops,
          nicolae_shop_statue_plus, hangedman_elf_represent
Elf:2:    nicolae_elf_blades_crystal_corner, layout_gridlike, special_room
          [special_room_orc], minmay_misc_feat_cross
Elf:3:    minmay_elf_hall_four_x, layout_loops_ring, grunt_megastairs_2,
          uniq_saint_roka
Vaults:1: gammafunk_ghost_arena, v_misc_18, ontoclasm_vaults_spin,
          nicolae_vaults_what_the_h, hangedman_vaults_pinch,
          vaults_mumra_hexcomb, v_misc_30, special_room_vaults
          [special_room_orc], serial_ice_h, layout_vaults_omnicross
Vaults:2: nicolae_vaults_inception_scallops, hangedman_vaults_slice,
          ontoclasm_vaults_hangar, v_misc_33, vaults_mumra_lcd, v_pattern_1,
          v_misc_26, hangedman_vaults_locks, v_misc_3, vaults_room_large_hall,
          vaults_room_semicircle, nicolae_vaults_circle_grid_b,
          nicolae_vaults_hallways_thing, v_misc_17, ontoclasm_vaults_pinch,
          layout_vaults_maze_bifur
Vaults:3: vaults_room_door_ring, minmay_crypt_entry_simple_box,
          nicolae_vaults_little_squares_5, nicolae_vaults_triangles, v_rooms_5,
          v_pattern_4, nicolae_vaults_shelves_hall, vaults_room_hallway,
          ontoclasm_vaults_twist, dpeg_vaults_monster_box,
          layout_vaults_chaotic_city, serial_shops, shop
Vaults:4: vaults_dpeg_hooks, vaults_room_door_ring, vaults_room_stairs_pillars,
          grunt_vaults_hallway_short, layout_vaults_omnigrid
Vaults:5: serial_shops
Depths:1: layout_cave_pools, abyss_entry, elyvilon_altar_5,
          grunt_mini_vestibule, grunt_decor_clamped, lemuel_statue_altar,
          nicolae_uskayaw_suspiria
Depths:2: grunt_deathspiral_small, layout_gridville, enter_ziggurat_d,
          hangedman_geh_valley, rand_demon_pan_entry_1,
          minmay_misc_feat_more_columns, mu_enter_wizlab_7, uniq_nikola
Depths:3: ragdoll_tomb_raider, layout_gridlike, pf_hell_entry_tar_river,
          abyss_entry, minmay_staircase_bubble, chequers_serial_rivers_small_a
Depths:4: grunt_x_marks_the_spot, layout_basic, hell_entry, fedhas_altar_1
Zot:1:    layout_gridlike, lemuel_baited_zot_trap
Zot:2:    layout_gridlike, zot_minivault_4
Zot:3:    layout_basic
Zot:4:    layout_basic, st_stairs_10, bh_zot_ikea_curve, grunt_ministairs_11,
          st_small_dragon_hoard_5

Notes
Turn   | Place    | Note
-------+----------+-------------------------------------------
     0 | D:1      | demibob the Ogre Berserker began the quest for the Orb.
     0 | D:1      | Reached XP level 1. HP: 24/24 MP: 1/1
   222 | D:1      | Reached skill level 3 in Maces & Flails
   493 | D:1      | Reached XP level 2. HP: 30/32 MP: 2/2
   988 | D:1      | Reached XP level 3. HP: 33/39 MP: 3/3
  1224 | D:2      | Reached ** piety under Trog
  1225 | D:2      | Reached skill level 4 in Maces & Flails
  1313 | D:2      | Noticed Terence
  1321 | D:2      | Killed Terence
  1322 | D:2      | Reached XP level 4. HP: 48/48 MP: 4/4
  1395 | D:2      | Noticed Jessica
  1401 | D:2      | Killed Jessica
  1430 | D:2      | Found a runed translucent door.
  1431 | D:2      | Noticed Crazy Yiuf
  1791 | D:2      | Reached skill level 5 in Maces & Flails
  2264 | D:3      | Reached XP level 5. HP: 54/54 MP: 5/5
  3398 | D:4      | Noticed Sigmund
  3412 | D:3      | Reached skill level 6 in Maces & Flails
  3412 | D:3      | Reached XP level 6. HP: 48/62 MP: 6/6
  3782 | D:4      | Noticed Eustachio
  3796 | D:4      | Killed Eustachio
  3798 | D:4      | Found a staircase to the Ecumenical Temple.
  3912 | D:4      | Reached skill level 7 in Maces & Flails
  3932 | D:4      | Reached XP level 7. HP: 57/70 MP: 7/7
  4233 | D:4      | Reached *** piety under Trog
  4274 | D:4      | Killed Sigmund
  4473 | D:4      | Reached skill level 8 in Maces & Flails
  5127 | D:4      | Noticed Pikel
  5137 | D:4      | Reached XP level 8. HP: 78/78 MP: 8/8
  5148 | D:4      | Killed Pikel
  5149 | D:4      | Reached skill level 9 in Maces & Flails
  5328 | D:4      | Found an ancient bone altar of Kikubaaqudgha.
  5425 | D:5      | Entered Level 5 of the Dungeon
  5555 | D:5      | Reached skill level 10 in Maces & Flails
  5811 | D:5      | Found a glowing silver altar of Zin.
  5916 | D:5      | Noticed Ijyb
  5929 | D:5      | Paralysed by Ijyb for 2 turns
  5935 | D:5      | Killed Ijyb
  6161 | D:5      | Reached XP level 9. HP: 80/84 MP: 9/9
  6858 | D:6      | Found a glowing drain.
  6870 | Sewer    | Entered a sewer
  6935 | Sewer    | Reached **** piety under Trog
  6936 | Sewer    | Reached skill level 11 in Maces & Flails
  8202 | D:6      | Noticed Maggie
  8216 | D:6      | Killed Maggie
  8423 | D:6      | Reached skill level 12 in Maces & Flails
  8616 | D:6      | Noticed Grinder
  8626 | D:6      | Killed Grinder
  8718 | D:6      | Noticed Blork the orc
  8733 | D:6      | Killed Blork the orc
  9078 | D:7      | Reached ***** piety under Trog
  9216 | D:7      | Reached XP level 10. HP: 41/92 MP: 10/10
  9632 | D:7      | Reached skill level 13 in Maces & Flails
 10347 | D:8      | Noticed Grum
 10393 | D:8      | HP: 8/138 [Grum (12)]
 10395 | D:8      | Killed Grum
 10789 | D:8      | Noticed Gastronok
 10808 | D:8      | Killed Gastronok
 10809 | D:8      | Reached skill level 14 in Maces & Flails
 11211 | D:8      | Noticed a cyclops
 11231 | D:8      | HP: 13/138 [killer bee (4)]
 11234 | D:8      | HP: 4/92 [poisoned by a killer bee]
 11243 | D:8      | Killed a cyclops
 11709 | D:8      | Reached skill level 15 in Maces & Flails
 11709 | D:8      | Reached XP level 11. HP: 84/100 MP: 11/11
 11807 | D:8      | Found a broken altar of Ashenzari.
 11956 | D:8      | Found an iron altar of Okawaru.
 11958 | D:8      | Found a radiant altar of Vehumet.
 12291 | D:9      | Found a staircase to the Orcish Mines.
 12332 | D:9      | Found Ziotrifa's Antique Armour Shoppe.
 12388 | D:9      | Noticed Harold
 12418 | D:9      | Killed Harold
 12419 | D:9      | Noticed Psyche
 12421 | D:9      | Killed Psyche
 12462 | D:9      | Received a gift from Trog
 13821 | D:9      | Found an ancient bone altar of Kikubaaqudgha.
 13915 | D:9      | Found a shimmering blue altar of Sif Muna.
 13950 | D:10     | Entered Level 10 of the Dungeon
 14030 | D:10     | Reached skill level 16 in Maces & Flails
 15189 | D:10     | Noticed a two-headed ogre
 15218 | D:10     | Killed a two-headed ogre
 15488 | D:10     | Noticed a deep elf zephyrmancer
 15490 | D:10     | Noticed a deep elf pyromancer
 15492 | D:10     | Killed a deep elf zephyrmancer
 15516 | D:10     | Noticed a wizard
 15517 | D:10     | Noticed a deep elf pyromancer
 15521 | D:10     | Killed a wizard
 15522 | D:10     | Reached skill level 17 in Maces & Flails
 15851 | D:10     | Found a portal to a secret trove of treasure.
 15971 | D:11     | Found a staircase to the Lair.
 15977 | D:11     | Noticed a green ugly thing
 15986 | D:11     | Reached XP level 12. HP: 107/107 MP: 12/12
 16152 | D:11     | Identified the +2 battleaxe "Ossimeta" {flame, rC+++ Will-
                  | SInv Stlth+}
 16158 | D:11     | Noticed a four-headed hydra
 16168 | D:11     | Killed a four-headed hydra
 16220 | D:11     | Found a broken altar of Ashenzari.
 16684 | D:11     | Noticed a two-headed ogre
 16688 | D:11     | Killed a two-headed ogre
 17042 | Lair:1   | Entered Level 1 of the Lair of Beasts
 17075 | Lair:1   | Reached skill level 18 in Maces & Flails
 17245 | Lair:1   | Found the +4 skin of Zhor {*Englaciate rC+++ SInv}
 18120 | Lair:1   | Reached skill level 3 in Dodging
 18586 | Lair:2   | Noticed a death yak
 18593 | Lair:1   | Reached skill level 5 in Fighting
 18672 | Lair:2   | Noticed a death yak
 18675 | Lair:2   | Noticed a death yak
 18682 | Lair:1   | Killed a death yak
 18983 | Lair:2   | Reached skill level 4 in Dodging
 19011 | Lair:2   | Killed a death yak
 19012 | Lair:2   | Reached skill level 6 in Fighting
 19015 | Lair:2   | Killed a death yak
 19157 | Lair:2   | Reached XP level 13. HP: 123/123 MP: 13/13
 19305 | Lair:2   | Reached skill level 7 in Fighting
 19481 | Lair:2   | Reached skill level 5 in Dodging
 19716 | Lair:2   | Found a staircase to the Shoals.
 20135 | Lair:3   | Reached skill level 8 in Fighting
 20845 | Lair:3   | Found a staircase to the Snake Pit.
 21206 | Lair:3   | Reached skill level 1 in Throwing
 21535 | Lair:3   | Reached skill level 19 in Maces & Flails
 21629 | Lair:3   | Reached skill level 2 in Throwing
 21719 | Lair:3   | Reached skill level 9 in Fighting
 22709 | Lair:4   | Found a runed translucent gate.
 22710 | Lair:4   | Found a runed translucent gate.
 22716 | Lair:4   | Found a runed translucent gate.
 22829 | Lair:4   | Reached skill level 3 in Throwing
 23216 | Lair:4   | Received a gift from Trog
 23265 | Lair:4   | Noticed Juirae's ghost (journeyman TrMo)
 23736 | Lair:4   | Found the +8 whip "Snakebite" {venom, curare, rPois}
 23917 | Lair:5   | Reached skill level 4 in Throwing
 23931 | Lair:5   | Reached skill level 10 in Fighting
 24399 | Lair:5   | Reached XP level 14. HP: 143/144 MP: 14/14
 24522 | Lair:5   | Found a staircase to the Slime Pits.
 24537 | Lair:5   | Identified the +0 cloak of Lethargy {+Inv rC+++ Regen+
                  | rCorr}
 24578 | Lair:5   | Reached skill level 5 in Throwing
 24895 | Lair:6   | Entered Level 6 of the Lair of Beasts
 24964 | Lair:6   | Reached skill level 11 in Fighting
 24964 | Lair:6   | Identified a scroll of acquirement
 24965 | Lair:6   | Acquired a manual of Fighting
 25455 | Lair:6   | Reached skill level 6 in Throwing
 25519 | Lair:6   | Reached skill level 12 in Fighting
 25570 | Lair:6   | Received a gift from Trog
 25667 | Lair:6   | Noticed a dire elephant
 25667 | Lair:6   | Noticed a dire elephant
 25781 | Lair:6   | Killed a dire elephant
 25794 | Lair:6   | Killed a dire elephant
 25795 | Lair:6   | Reached skill level 13 in Fighting
 25940 | Lair:6   | Reached skill level 7 in Throwing
 25986 | Lair:6   | Reached skill level 14 in Fighting
 26430 | Orc:1    | Entered Level 1 of the Orcish Mines
 26451 | Orc:1    | Noticed an orc warlord
 26574 | Orc:1    | Killed an orc warlord
 26583 | Orc:1    | Found a flagged portal.
 26598 | Bailey   | Entered a bailey
 26937 | Bailey   | Reached skill level 20 in Maces & Flails
 27122 | Orc:1    | Received a gift from Trog
 27133 | Orc:1    | Noticed Maurice
 27147 | Orc:1    | Killed Maurice
 27248 | Orc:1    | Reached skill level 15 in Fighting
 27248 | Orc:1    | Reached skill level 1 in Evocations
 27533 | Orc:2    | Entered Level 2 of the Orcish Mines
 27533 | Orc:2    | Found a staircase to the Elven Halls.
 27533 | Orc:2    | Found Dem Lym's General Store.
 27533 | Orc:2    | Found Zuraush's Assorted Antiques.
 27533 | Orc:2    | Found Gusiar's Antique Weapon Emporium.
 27690 | D:12     | Found a frozen archway.
 27693 | D:12     | Reached XP level 15. HP: 167/167 MP: 15/15
 27729 | IceCv    | Entered an ice cave
 27799 | IceCv    | Reached skill level 2 in Evocations
 27828 | IceCv    | Identified a scarf of resistance
 28005 | IceCv    | Reached skill level 16 in Fighting
 28326 | IceCv    | Found an ancient bone altar of Kikubaaqudgha.
 28335 | IceCv    | Reached skill level 3 in Evocations
 28349 | IceCv    | Reached ****** piety under Trog
 28355 | IceCv    | Received a gift from Trog
 29134 | D:12     | Reached skill level 17 in Fighting
 29186 | D:12     | Reached skill level 4 in Evocations
 29789 | Orc:2    | Noticed Urug
 29797 | Orc:2    | Killed Urug
 29815 | Orc:2    | Received a gift from Trog
 29817 | Orc:2    | Reached skill level 18 in Fighting
 29828 | Orc:2    | Reached skill level 5 in Evocations
 29953 | Orc:2    | Found Iniez's Armour Boutique.
 30478 | D:13     | Reached XP level 16. HP: 174/188 MP: 16/16
 30500 | D:13     | Identified the ring of Tikhle Xuuz {Fly rCorr Str-2 Int+4
                  | Dex+6}
 30805 | D:13     | Reached skill level 19 in Fighting
 30816 | D:13     | Reached skill level 6 in Dodging
 30919 | D:13     | Found a gate to the Vaults.
 31150 | D:13     | Found a sacrificial altar of Ru.
 31347 | D:14     | Identified the +6 plate armour "Ustragofy" {Rampage rF+
                  | Int+3}
 31385 | D:14     | Noticed Snorg
 31401 | D:14     | Killed Snorg
 32017 | D:14     | Received a gift from Trog
 32029 | D:14     | Reached skill level 21 in Maces & Flails
 32317 | D:15     | Entered Level 15 of the Dungeon
 32554 | D:15     | Reached skill level 7 in Dodging
 32819 | D:15     | Found a staircase to the Depths.
 33296 | Snake:1  | Entered Level 1 of the Snake Pit
 33504 | Snake:1  | Reached skill level 1 in Armour
 34350 | Snake:1  | Reached skill level 2 in Armour
 35041 | Snake:1  | Reached skill level 3 in Armour
 35751 | Snake:2  | Found Qenyreoc's Antique Weapon Shop.
 35753 | Snake:2  | Found Iphuol's General Store.
 35755 | Snake:2  | Found Foza's Assorted Antiques.
 35761 | Snake:2  | Bought a potion of haste for 160 gold pieces
 35765 | Snake:2  | Bought a scroll of teleportation for 84 gold pieces
 35765 | Snake:2  | Bought a potion of invisibility for 224 gold pieces
 35793 | Snake:2  | Received a gift from Trog
 35793 | Snake:2  | Found the +7 mace of Variability {chain chaos}
 35794 | Snake:2  | Reached skill level 4 in Armour
 36297 | Snake:2  | Found Daicworch's Neck Hole.
 37075 | Snake:3  | Identified a potion of resistance
 37227 | Snake:3  | Reached XP level 17. HP: 179/200 MP: 17/17
 37261 | Snake:3  | Reached skill level 5 in Armour
 38003 | Snake:4  | Entered Level 4 of the Snake Pit
 38007 | Snake:3  | Identified the +7 giant club of Plague {vorpal, rPois
                  | Will++} (Trog gifted it to you on level 3 of the Snake Pit)
 38007 | Snake:3  | Received a gift from Trog
 38040 | Snake:4  | Reached skill level 6 in Armour
 38202 | Snake:4  | Reached skill level 8 in Throwing
 38207 | Snake:4  | Noticed Louise
 38226 | Snake:3  | Killed Louise
 38227 | Snake:3  | Reached skill level 22 in Maces & Flails
 38521 | Snake:4  | Found Damin's Book Emporium.
 38522 | Snake:4  | Found Tyrehese's Jewellery Shop.
 38523 | Snake:4  | Found Kasarph Weco's Book Emporium.
 38612 | Snake:4  | Found Atzuapla's Antique Armour Shoppe.
 38984 | Snake:4  | Reached skill level 20 in Fighting
 39134 | Snake:4  | Reached skill level 9 in Throwing
 39194 | Snake:4  | Received a gift from Trog
 39206 | Snake:4  | HP: 12/201 [naga warrior (35)]
 39208 | Snake:4  | HP: 3/301 [naga mage/bolt of poison (9)]
 39728 | Snake:4  | Reached skill level 10 in Throwing
 39762 | Snake:4  | Reached skill level 21 in Fighting
 39987 | Snake:4  | Got a serpentine rune of Zot
 40024 | Snake:4  | Reached XP level 18. HP: 117/215 MP: 14/18
 40812 | Vaults:1 | Entered Level 1 of the Vaults
 40838 | Vaults:1 | Reached skill level 11 in Throwing
 41292 | Vaults:1 | Reached skill level 22 in Fighting
 41411 | Vaults:1 | Identified the +10 halberd of Seohant {vorpal, Contam
                  | Fragile Str+8 Int+6}
 41490 | Vaults:1 | Received a gift from Trog
 41940 | Vaults:1 | Reached skill level 8 in Dodging
 42008 | Vaults:1 | Reached skill level 7 in Armour
 42368 | Vaults:1 | Received a gift from Trog
 42410 | Vaults:1 | Noticed royokou's ghost (veteran MiFi)
 42413 | Vaults:1 | Found a transporter.
 42711 | Vaults:1 | Reached skill level 9 in Dodging
 42805 | Vaults:1 | Reached skill level 8 in Armour
 42990 | Vaults:1 | Found a transporter.
 43103 | Vaults:1 | Reached XP level 19. HP: 217/226 MP: 19/19
 43569 | Vaults:2 | Reached skill level 10 in Dodging
 43628 | Vaults:2 | Received a gift from Trog
 44169 | Vaults:2 | Reached skill level 23 in Fighting
 44312 | Vaults:2 | Reached skill level 11 in Dodging
 45084 | Vaults:2 | Received a gift from Trog
 45228 | Vaults:2 | Upgraded the game from 0.28-a0-730-g892d06dc2c to
                  | 0.28-a0-750-g7c675f85b1
 45331 | Vaults:3 | Reached skill level 12 in Dodging
 45547 | Vaults:3 | Found Cecvaar's Weapon Shoppe.
 45663 | Vaults:3 | Reached skill level 24 in Fighting
 45732 | Vaults:3 | Reached XP level 20. HP: 244/244 MP: 20/20
 46080 | Vaults:3 | Received a gift from Trog
 46786 | Vaults:3 | Reached skill level 13 in Dodging
 47049 | Vaults:3 | Found a staircase to the Crypt.
 47098 | Vaults:3 | Received a gift from Trog
 47540 | Vaults:4 | Reached skill level 25 in Fighting
 49100 | Shoals:1 | Entered Level 1 of the Shoals
 49100 | Shoals:1 | Noticed Frances
 49113 | Shoals:1 | Killed Frances
 49113 | Shoals:1 | Received a gift from Trog
 49188 | Shoals:2 | Noticed Aizul
 49619 | Shoals:1 | Reached skill level 14 in Dodging
 49653 | Shoals:1 | Noticed Mlioglotl
 49670 | Shoals:1 | Killed Mlioglotl
 49762 | Shoals:1 | Noticed Donald
 49769 | Shoals:1 | Killed Donald
 50323 | Shoals:1 | Upgraded the game from 0.28-a0-750-g7c675f85b1 to
                  | 0.28-a0-751-gef3a642a4e
 50430 | Shoals:2 | Received a gift from Trog
 50620 | Shoals:2 | Acquired a manual of Evocations
 50845 | Shoals:2 | Reached skill level 6 in Evocations
 50886 | Shoals:2 | Reached XP level 21. HP: 182/260 MP: 21/21
 50900 | Shoals:2 | Killed Aizul
 51001 | Shoals:2 | Reached skill level 7 in Evocations
 51487 | Shoals:3 | Reached skill level 8 in Evocations
 52088 | Shoals:3 | Identified the ring "Awkof" {rN+ MP+9 Str+3 Dex+6}
 52257 | Shoals:4 | Entered Level 4 of the Shoals
 52288 | Shoals:4 | Received a gift from Trog
 52296 | Shoals:4 | Identified the ring "Jyturph" {rPois rN+++ Will- Int+3
                  | Slay+4}
 52326 | Shoals:4 | Reached skill level 9 in Evocations
 52688 | Shoals:4 | Reached skill level 10 in Evocations
 52999 | Shoals:4 | Reached skill level 11 in Evocations
 53041 | Shoals:4 | Got a barnacled rune of Zot
 53302 | Shoals:4 | Received a gift from Trog
 53303 | Shoals:4 | Reached skill level 12 in Evocations
 54032 | Depths:1 | Entered Level 1 of the Depths
 54190 | Depths:1 | Found a white marble altar of Elyvilon.
 54238 | D:15     | Reached skill level 9 in Armour
 54465 | Depths:1 | Found a one-way gate to the infinite horrors of the Abyss.
 54485 | Depths:1 | Found a stormy altar of Qazlal.
 54658 | Depths:1 | Found a gateway to Hell.
 55071 | Depths:1 | Found a hide-covered altar of Uskayaw.
 55217 | Depths:2 | Found a gateway to a ziggurat.
 55232 | Depths:2 | Reached skill level 10 in Armour
 55294 | Depths:2 | Found a one-way gate leading to the halls of Pandemonium.
 55393 | Depths:2 | Found a magical portal.
 55397 | WizLab   | Entered Maxwell's Workshop
 55406 | WizLab   | Received a gift from Trog
 55579 | WizLab   | Reached XP level 22. HP: 270/270 MP: 22/22
 55622 | WizLab   | Identified the +8 mace of the Volcano {holy, Int+5}
 55717 | WizLab   | Noticed an electric golem
 55730 | WizLab   | Killed an electric golem
 55731 | WizLab   | Reached skill level 11 in Armour
 55845 | WizLab   | Identified the +3 buckler of the Abyss {Will+}
 56048 | WizLab   | Identified the ring of Coxacoff {Ice rElec rCorr}
 56359 | Depths:2 | Received a gift from Trog
 56537 | Depths:2 | Reached skill level 12 in Armour
 56551 | Depths:2 | Noticed a golden dragon
 56555 | Depths:2 | Noticed a golden dragon
 56565 | Depths:2 | Killed a golden dragon
 56575 | Depths:2 | Killed a golden dragon
 57040 | Depths:2 | Reached skill level 13 in Armour
 57057 | Depths:2 | Identified a +0 robe of resistance
 57134 | Depths:2 | Noticed Nikola
 57149 | Depths:2 | Killed Nikola
 57632 | Elf:1    | Entered Level 1 of the Elven Halls
 57644 | Elf:1    | Received a gift from Trog
 57938 | Elf:1    | Found Mueroveu's Armour Boutique.
 58760 | Elf:2    | Received a gift from Trog
 58828 | Elf:2    | Reached skill level 14 in Armour
 59315 | Elf:2    | Paralysed by an air elemental for 1 turns
 59650 | Elf:2    | Found a runed translucent gate.
 59651 | Elf:2    | Found a runed translucent gate.
 59651 | Elf:2    | Found a runed translucent gate.
 59686 | Elf:3    | Entered Level 3 of the Elven Halls
 59798 | Elf:3    | Reached XP level 23. HP: 270/275 MP: 23/23
 59803 | Elf:3    | Received a gift from Trog
 59823 | Elf:3    | Reached skill level 15 in Armour
 60097 | Elf:3    | Identified the +5 shortbow of Peril {venom, rPois Int+6
                  | SInv}
 60554 | Elf:3    | Noticed Saint Roka
 60568 | Elf:3    | Killed Saint Roka
 60569 | Elf:3    | Reached skill level 16 in Armour
 60613 | Elf:3    | Identified the +9 dire flail "Plog" {vorpal, Str+2} (Trog
                  | gifted it to you on level 3 of the Elven Halls)
 60613 | Elf:3    | Received a gift from Trog
 60761 | Elf:3    | You are cast into the Abyss!
 60761 | Elf:3    | Cast into level 2 of the Abyss (a deep elf sorcerer)
 61072 | Abyss:2  | Found a corrupted altar of Lugonu.
 61220 | Elf:3    | You pass through the gate.
 61220 | Elf:3    | Escaped the Abyss
 61342 | Elf:3    | Found the +2 cloak of the Thief {*Fog Slay-2 SInv Stlth+}
 61348 | Elf:3    | Identified the ring of Qazlal's Benevolence {Will++ rCorr}
 61357 | Elf:3    | Identified the amulet of Gakej {Reflect Int+3 SH+5}
 61934 | Vaults:5 | Entered Level 5 of the Vaults
 62051 | Vaults:5 | Received a gift from Trog
 62168 | Vaults:5 | Identified the +9 dagger of Minur {venom, Str+2}
 62276 | Vaults:5 | Reached skill level 17 in Armour
 62305 | Vaults:5 | Noticed a golden dragon
 62315 | Vaults:5 | Killed a golden dragon
 62356 | Vaults:5 | Identified the +3 double sword "Ucraf" {antimagic, rElec
                  | rF+ rC+ Int-2}
 62385 | Vaults:5 | HP: 18/279 [yaktaur captain/bolt (36)]
 62561 | Vaults:5 | Identified the +4 great sword of Peok {pain, Int+7}
 62610 | Vaults:5 | Reached XP level 24. HP: 196/289 MP: 23/23
 62749 | Vaults:5 | Reached skill level 18 in Armour
 62772 | Vaults:5 | HP: 10/266 [vault warden (57)]
 63102 | Vaults:5 | Identified the +6 glaive of the Sneaky Prophets {venom, rN+
                  | Str+2 Dex-4 SInv}
 63306 | Vaults:5 | Reached skill level 26 in Fighting
 63852 | Vaults:5 | Got a silver rune of Zot
 64323 | Vaults:5 | Acquired a manual of Maces & Flails
 64653 | Depths:3 | Identified the +4 pair of gloves "Zuthropej" {Dex+3 Slay+5
                  | Stlth+}
 65102 | Depths:3 | Reached skill level 23 in Maces & Flails
 65593 | Depths:3 | Identified the +4 scale mail "Hanagi" {Harm rPois Int-2}
 66471 | Depths:4 | Entered Level 4 of the Depths
 66605 | Depths:4 | Reached skill level 27 in Fighting
 66607 | Depths:4 | Reached skill level 19 in Armour
 66780 | Depths:4 | Found a blossoming altar of Fedhas.
 66804 | Depths:4 | Reached XP level 25. HP: 281/304 MP: 23/23
 66970 | Depths:4 | Found a gate to the Realm of Zot.
 67205 | Depths:4 | Received a gift from Trog
 67908 | Lair:4   | Killed Juirae's ghost
 68378 | Zot:1    | Entered Level 1 of the Realm of Zot
 68406 | Zot:1    | Reached skill level 24 in Maces & Flails
 68611 | Zot:1    | Reached skill level 15 in Dodging
 68847 | Zot:1    | Identified the +4 giant club of Meucsey {vorpal, rF+++ rN+
                  | Int-4 SInv} (Trog gifted it to you on level 1 of the Realm
                  | of Zot)
 68847 | Zot:1    | Received a gift from Trog
 69720 | Zot:2    | Noticed an electric golem
 69755 | Zot:2    | Killed an electric golem
 69972 | Zot:2    | Noticed a Killer Klown
 69992 | Zot:2    | Killed a Killer Klown
 70751 | Zot:3    | Reached skill level 25 in Maces & Flails
 70768 | Zot:3    | Received a gift from Trog
 71064 | Zot:3    | Acquired a manual of Armour
 71180 | Zot:3    | Reached skill level 20 in Armour
 71622 | Zot:3    | Reached XP level 26. HP: 283/314 MP: 23/23
 71672 | Zot:4    | Noticed an orb of fire
 71672 | Zot:4    | Noticed an electric golem
 71683 | Zot:4    | Killed an orb of fire
 71689 | Zot:4    | Killed an electric golem
 71996 | Zot:4    | Noticed an electric golem
 72017 | Zot:4    | HP: 33/471 [electric golem (18)]
 72018 | Zot:4    | Killed from afar by an electric golem

Vanquished Creatures
  An orb of fire (Zot:4)
  Saint Roka (Elf:3)
  A Killer Klown (Zot:2)
  Nikola (Depths:2)
  5 golden dragons
  A bone dragon (Abyss:2)
  3 electric golems
  7 tentacled monstrosities
  2 liches
  2 walking crystal tomes
  Mlioglotl (Shoals:1)
  2 deep elf blademasters (Elf:3)
  2 quicksilver dragons (Vaults:5)
  2 deep elf master archers (Elf:3)
  2 titans (Vaults:5)
  2 krakens (Shoals:4)
  6 death cobs
  Gastronok (D:8)
  13 sphinxes
  6 storm dragons
  Frances (Shoals:1)
  6 tengu reavers
  Donald (Shoals:1)
  A shadow dragon (shapeshifter) (Vaults:5)
  9 shadow dragons
  An iron dragon (Depths:3)
  8 fire giants
  4 draconian monks
  5 nagarajas (Snake:4)
  4 draconian knights
  11 vault wardens
  3 draconian shifters
  2 orc warlords
  Aizul (Shoals:2)
  14 deep elf sorcerers
  4 spectral caustic shrikes (Depths:3)
  7 frost giants
  5 draconian scorchers
  Louise (Snake:3)
  A draconian stormcaller (Zot:4)
  2 deep elf elementalists (Elf:3)
  23 ironbound preservers
  A reaper (Depths:1)
  20 stone giants
  7 war gargoyles
  33 very ugly things
  The ghost of Juirae the Grappler, a journeyman TrMo of Wu Jian (Lair:4)
  3 draconian annihilators
  8 green draconians
  7 deep elf demonologists
  A vampire knight (Depths:2)
  11 black draconians
  7 deep elf annihilators
  14 yellow draconians
  7 red draconians
  7 purple draconians
  12 white draconians
  2 spark wasps (Depths:4)
  30 dire elephants
  7 deep elf death magi (Elf:3)
  4 crystal guardians
  An eidolon (Vaults:3)
  Snorg (D:14)
  5 fire dragons
  A blizzard demon (Depths:1)
  5 merfolk impalers
  6 mummy priests (Depths:3)
  8 ettins
  6 ironbound thunderhulks
  7 deep elf high priests
  5 great orbs of eyes
  14 naga warriors
  7 ice dragons
  26 vault guards
  2 rakshasas
  3 salamander tyrants
  16 yaktaur captains
  4 peacekeepers
  7 hydras
  2 spriggan air magi
  2 ironbound frosthearts
  8 anacondas
  A death knight (D:12)
  2 alligator snapping turtles (Shoals:4)
  3 merfolk avatars
  3 ogre magi
  2 merfolk aquamancers (Shoals:4)
  16 centaur warriors
  A catoblepas (D:14)
  7 tengu warriors
  9 deep troll earth magi
  3 satyrs (Shoals:4)
  2 hell beasts (Depths:1)
  13 dancing weapons
  5 deep troll shamans
  6 death yaks
  14 two-headed ogres
  An orc high priest (Orc:1)
  2 spriggan berserkers
  4 thrashing horrors (Abyss:2)
  6 hell knights (Depths:4)
  Urug (Orc:2)
  A sun demon (Depths:2)
  A spectral dire elephant (Lair:6)
  9 deep elf knights
  15 naga sharpshooters
  11 iron trolls
  9 shock serpents
  A death drake (shapeshifter) (Vaults:5)
  A spectral death yak (Lair:6)
  2 skeletal warriors (D:15)
  A sixfirhy (Abyss:2)
  3 salamander mystics
  A spark wasp zombie (D:15)
  2 glowing orange brains
  3 flayed ghosts
  12 sea snakes
  A spectral anaconda (Lair:6)
  7 wizards
  2 naga ritualists
  88 deep trolls
  15 deep elf archers
  15 lindwurms
  A lindwurm (shapeshifter) (D:14)
  6 phantasmal warriors
  9 necromancers
  15 ironbound convokers
  16 deep elf zephyrmancers
  A sphinx zombie (Depths:2)
  22 deep elf pyromancers
  22 harpies
  Pikel (D:4)
  An oklob plant (Lair:4)
  A golden dragon skeleton (Depths:2)
  39 ugly things
  16 manticores
  5 mana vipers
  12 orc knights
  3 orc sorcerers (Elf:3)
  11 fauns
  A fire giant zombie (Depths:2)
  5 elephants (Lair:6)
  A worldbinder (Abyss:2)
  10 cyclopes
  13 salamanders
  Maurice (Orc:1)
  A stone giant zombie (D:15)
  19 moths of wrath
  A stone giant skeleton (D:15)
  11 merfolk sirens
  3 guardian serpents
  A fire giant skeleton (Depths:2)
  15 naga magi
  A centaur zombie (D:10)
  An elephant (shapeshifter) (D:14)
  27 black mambas
  2 frost giant skeletons
  An ice statue (IceCv)
  4 water nymphs
  A rust devil (Depths:2)
  A smoke demon (Abyss:2)
  3 molten gargoyles (WizLab)
  A kobold demonologist (D:9)
  10 gargoyles
  13 vault sentinels
  20 cane toads
  7 rime drakes
  A torpor snail (Lair:1)
  Maggie (D:6)
  7 freezing wraiths
  4 efreet
  9 komodo dragons
  27 yaktaurs
  14 ice devils (IceCv)
  An entropy weaver simulacrum (IceCv)
  4 guardian mummies (Depths:3)
  3 anaconda simulacra (IceCv)
  15 trolls
  A tengu simulacrum (Depths:2)
  11 wind drakes
  Grinder (D:6)
  6 polar bears
  3 hornets
  A jumping spider (shapeshifter) (Vaults:5)
  7 dream sheep (Lair:4)
  17 merfolk
  22 slime creatures
  18 blink frogs
  A raiju (shapeshifter) (Elf:3)
  3 raiju (Abyss:2)
  3 spectral elephants (Lair:6)
  10 snapping turtles
  10 water elementals
  An air elemental (Elf:3)
  A dire elephant simulacrum (IceCv)
  A spriggan (shapeshifter) (D:14)
  2 spriggans (Depths:2)
  Sigmund (D:4)
  A flying skull (Abyss:2)
  A vampire (D:10)
  5 wyverns
  2 shadows
  5 small abominations (Abyss:2)
  3 wraiths
  9 fire elementals
  5 basilisks
  8 starcursed masses (Abyss:2)
  26 yaks
  Eustachio (D:4)
  Grum (D:8)
  3 vampire mosquitoes
  A steam dragon (D:7)
  9 humans (D:13)
  7 death yak simulacra
  A spriggan simulacrum (Depths:2)
  A spectral cane toad (Lair:6)
  4 wargs
  33 nagas
  28 water moccasins
  4 large abominations (Abyss:2)
  A hydra simulacrum (Lair:4)
  A floating eye (Depths:2)
  A water moccasin (shapeshifter) (Vaults:5)
  29 orc warriors
  An ice beast (D:6)
  2 elephant zombies (Lair:6)
  A necrophage (D:8)
  3 black bears
  A black mamba simulacrum (Lair:4)
  20 ogres
  4 boggarts (Vaults:2)
  16 wolves
  2 centaurs
  2 lemures (D:4)
  Blork the orc (D:6)
  7 kobold brigands
  13 earth elementals
  12 bullfrogs
  9 gnoll sergeants
  3 scorpions
  A water moccasin zombie (D:4)
  7 cane toad simulacra
  A wyvern skeleton (D:6)
  A hornet simulacrum (D:15)
  9 killer bees
  5 wights (D:8)
  7 howler monkeys
  2 electric eels (D:7)
  4 elephant simulacra
  A lava snake (D:14)
  4 jellies
  A quasit (Abyss:2)
  4 hounds
  2 bullfrog skeletons
  7 gnoll shamans
  25 orc priests
  2 centaur skeletons
  An iron imp (Abyss:2)
  Ijyb (D:5)
  Jessica (D:2)
  Terence (D:2)
  4 iguanas
  22 orc wizards
  2 lightning spires (WizLab)
  A troll simulacrum (IceCv)
  4 polar bear simulacra
  4 wolf simulacra (IceCv)
  2 howler monkey zombies
  35 gnolls
  21 adders
  3 naga simulacra (IceCv)
  A river rat (Sewer)
  4 shadow imps
  5 white imps
  2 ufetubi
  An adder skeleton (D:4)
  6 worms
  A dart slug (D:4)
  64 orcs
  5 bats
  3 bat zombies (D:4)
  14 endoplasms
  3 giant cockroaches
  8 goblins
  7 hobgoblins
  34 kobolds
  A quokka (shapeshifter) (Vaults:5)
  2 quokkas
  6 ball pythons
  2 frilled lizards
  6 kobold skeletons (D:9)
  12 kobold zombies (D:9)
  16 rats
  2 rat zombies (D:4)
  A bush (Lair:4)
  A plant (Zot:1)
2034 creatures vanquished.

Vanquished Creatures (collateral kills)
  A golden dragon (Depths:2)
  A nagaraja (Snake:4)
  An orc warlord (Orc:1)
  A vault warden (Vaults:5)
  2 very ugly things (Depths:4)
  A dire elephant (Lair:6)
  A crystal guardian (Vaults:2)
  2 merfolk javelineers (Shoals:4)
  2 merfolk impalers (Shoals:4)
  A yaktaur captain (Vaults:5)
  A rakshasa (Depths:1)
  Harold (D:9)
  A peacekeeper (Vaults:2)
  A naga warrior (Snake:4)
  2 two-headed ogres (Orc:2)
  A vault guard (Vaults:5)
  3 naga sharpshooters (Snake:4)
  A deep troll earth mage (Depths:4)
  A dancing weapon (Elf:2)
  An orc high priest (Vaults:1)
  4 salamander mystics (Snake:4)
  3 deep trolls
  An ironbound convoker (Vaults:5)
  2 naga ritualists (Snake:4)
  A deep elf zephyrmancer (Elf:2)
  A cyclops (D:8)
  7 orc knights
  An ugly thing (Depths:4)
  A manticore (Shoals:4)
  3 salamanders (Snake:4)
  A black mamba (Snake:4)
  4 naga magi (Snake:4)
  Psyche (D:9)
  3 trolls
  A merfolk (Shoals:4)
  A snapping turtle (Shoals:4)
  An air elemental (Elf:2)
  A water elemental (Depths:1)
  8 nagas (Snake:4)
  9 orc warriors
  3 ogres (Orc:2)
  A kobold brigand (D:8)
  2 gnoll sergeants
  2 killer bees (D:8)
  2 orc priests (Vaults:1)
  2 orc wizards
  4 gnolls
  4 orcs
  A goblin (Orc:1)
  4 kobolds (D:8)
105 creatures vanquished.

Vanquished Creatures (others)
  A golden dragon (Zot:4)
  A draconian annihilator (Zot:4)
  A deep elf knight (Elf:2)
  An ugly thing (Depths:3)
  A water elemental (Elf:2)
  A human (D:13)
  23 fungi
  89 plants
  8 tentacles (Shoals:4)
  19 withered plants (Lair:6)
145 creatures vanquished.

Grand Total: 2284 creatures vanquished

Table legend: (Time is in decaauts)
 A = Elapsed time spent in this place.
 B = Non-inter-level travel time spent in this place.
 C = Inter-level travel time spent in this place.
 D = Time resting spent in this place.
 E = Time spent auto-exploring this place.
 F = Levels seen in this place.
 G = Mean time per level.
                   A        B        C        D        E       F      G
               +--------+--------+--------+--------+--------+-----+--------+
         Total |  71315 |  66555 |   4760 |  17564 |  35300 |  52 | 1371.4 |
       Dungeon |  22016 |  20119 |   1897 |   6418 |  10695 |  15 | 1467.7 |
          Lair |  10146 |   9049 |   1097 |   2307 |   5240 |   6 | 1691.0 |
        Shoals |   4630 |   4475 |    155 |    868 |   2640 |   4 | 1157.5 |
     Snake Pit |   6960 |   6650 |    310 |   2252 |   3036 |   4 | 1740.0 |
  Orcish Mines |   1112 |    988 |    124 |     72 |    562 |   2 |  556.0 |
   Elven Halls |   3547 |   3347 |    200 |    309 |   2161 |   3 | 1182.3 |
        Vaults |  10330 |   9849 |    481 |   2875 |   4388 |   5 | 2066.0 |
        Depths |   5454 |   5067 |    387 |   1203 |   2702 |   4 | 1363.5 |
           Zot |   3544 |   3438 |    106 |    663 |   2150 |   4 |  886.0 |
         Abyss |    434 |    434 |      0 |      2 |    263 |   1 |  434.0 |
         Sewer |   1222 |   1222 |      0 |     16 |    965 |   1 | 1222.0 |
        Bailey |    471 |    471 |      0 |    113 |    155 |   1 |  471.0 |
      Ice Cave |    735 |    735 |      0 |    252 |    189 |   1 |  735.0 |
        Wizlab |    707 |    707 |      0 |    209 |    153 |   1 |  707.0 |
               +--------+--------+--------+--------+--------+-----+--------+

Top non-repeatable levels by time:
Vaults:1: 2354 daAuts
  Lair:3: 2312 daAuts
Vaults:5: 2295 daAuts
 Snake:4: 2262 daAuts
    D:10: 2220 daAuts
  Lair:1: 2189 daAuts
Vaults:3: 2131 daAuts
Depths:3: 2096 daAuts
 Snake:1: 2057 daAuts
Vaults:2: 2034 daAuts
     D:8: 1849 daAuts
     D:9: 1797 daAuts
     D:4: 1703 daAuts
  Lair:2: 1663 daAuts
  Lair:4: 1624 daAuts

Table legend:
 A = Non-vault XP
 B = Vault XP
 C = Vault XP percentage of total XP
 D = Non-vault monster count
 E = Vault monster count
 F = Vault count percentage of total count
                 A         B        C        D         E       F
            +---------+---------+-------+---------+---------+-------
      Total |  628676 |  503411 |  44.5 |    1242 |     897 |  41.9
            +---------+---------+-------+---------+---------+-------
        D:1 |      38 |       0 |   0.0 |      23 |       0 |   0.0
        D:2 |      53 |      73 |  57.9 |      16 |       2 |  11.1
        D:3 |     215 |       0 |   0.0 |      20 |       0 |   0.0
        D:4 |     534 |    1021 |  65.7 |      19 |       8 |  29.6
        D:5 |     598 |      38 |   6.0 |      17 |       1 |   5.6
        D:6 |     608 |     791 |  56.5 |      12 |       9 |  42.9
        D:7 |     850 |       0 |   0.0 |      16 |       0 |   0.0
        D:8 |    2465 |    1867 |  43.1 |      39 |       6 |  13.3
        D:9 |    1773 |    2256 |  56.0 |      34 |      52 |  60.5
       D:10 |    4099 |    1326 |  24.4 |      19 |       2 |   9.5
       D:11 |    3572 |    1189 |  25.0 |      11 |       9 |  45.0
       D:12 |    3074 |   11042 |  78.2 |       8 |      24 |  75.0
       D:13 |    4735 |    5866 |  55.3 |       8 |      15 |  65.2
       D:14 |    6018 |    3588 |  37.4 |      12 |      10 |  45.5
       D:15 |    6391 |    5145 |  44.6 |      11 |       8 |  42.1
     Lair:1 |    4878 |    1155 |  19.1 |      19 |       3 |  13.6
     Lair:2 |    7604 |     842 |  10.0 |      26 |       3 |  10.3
     Lair:3 |    6668 |    2306 |  25.7 |      21 |       9 |  30.0
     Lair:4 |    3578 |    4601 |  56.3 |      14 |      23 |  62.2
     Lair:5 |    6080 |      88 |   1.4 |      23 |       6 |  20.7
     Lair:6 |    8856 |   12650 |  58.8 |      28 |      25 |  47.2
   Shoals:1 |   13901 |    4519 |  24.5 |      31 |       3 |   8.8
   Shoals:2 |   13532 |    1206 |   8.2 |      26 |       1 |   3.7
   Shoals:3 |    7208 |       0 |   0.0 |      18 |       0 |   0.0
   Shoals:4 |   16543 |   19598 |  54.2 |      29 |      32 |  52.5
    Snake:1 |   11302 |    7885 |  41.1 |      22 |      13 |  37.1
    Snake:2 |    8274 |       0 |   0.0 |      17 |       0 |   0.0
    Snake:3 |   16294 |    1175 |   6.7 |      32 |       1 |   3.0
    Snake:4 |   24896 |   23743 |  48.8 |      50 |      34 |  40.5
      Orc:1 |    5825 |     835 |  12.5 |      46 |       6 |  11.5
      Orc:2 |    1820 |   15008 |  89.2 |      20 |      37 |  64.9
      Elf:1 |   14107 |    6639 |  32.0 |      23 |      10 |  30.3
      Elf:2 |   16715 |   12956 |  43.7 |      29 |      30 |  50.8
      Elf:3 |   11941 |   47869 |  80.0 |      21 |      53 |  71.6
   Vaults:1 |   40270 |   28653 |  41.6 |      56 |      62 |  52.5
   Vaults:2 |   45908 |   26462 |  36.6 |      63 |      36 |  36.4
   Vaults:3 |   34383 |   16345 |  32.2 |      44 |      21 |  32.3
   Vaults:4 |   23337 |       0 |   0.0 |      32 |       0 |   0.0
   Vaults:5 |   22642 |   98729 |  81.3 |      32 |      96 |  75.0
   Depths:1 |   25561 |    4450 |  14.8 |      30 |       5 |  14.3
   Depths:2 |   11975 |   41503 |  77.6 |      18 |      45 |  71.4
   Depths:3 |   36486 |   17634 |  32.6 |      35 |      18 |  34.0
   Depths:4 |   33673 |   15767 |  31.9 |      39 |      16 |  29.1
      Zot:1 |   47415 |       0 |   0.0 |      44 |       0 |   0.0
      Zot:2 |   18331 |   12907 |  41.3 |      15 |      12 |  44.4
      Zot:3 |   24433 |       0 |   0.0 |      22 |       0 |   0.0
      Zot:4 |   16510 |    8086 |  32.9 |      16 |       4 |  20.0
    Abyss:2 |   12707 |       0 |   0.0 |      36 |       0 |   0.0
      Sewer |       0 |     355 | 100.0 |       0 |      28 | 100.0
     Bailey |       0 |    1214 | 100.0 |       0 |      30 | 100.0
      IceCv |       0 |   10967 | 100.0 |       0 |      51 | 100.0
     WizLab |       0 |   23062 | 100.0 |       0 |      38 | 100.0
            +---------+---------+-------+---------+---------+-------
